 Dungeon Crawl Stone Soup version 0.30-a0-1074-g5db6f66fbb (webtiles) character file.

Game seed: 4551389659333534774

130 senseless the Charlatan (level 4, -6/33 HPs)
             Began as a Demonspawn Artificer on Apr 13, 2023.
             Splashed by a jelly's acid (9 damage)
             ... on level 3 of the Dungeon.
             The game lasted 00:05:19 (2048 turns).

senseless the Charlatan (Demonspawn Artificer)      Turns: 2048, Time: 00:05:22

Health: -6/33      AC: -4    Str: 12    XL:     4   Next: 90%
Magic:  4/4        EV: 11    Int: 15    God:
Gold:   190        SH:  3    Dex: 13    Spells: 3/3 levels left

rFire   + . .      SeeInvis .    g - +2 dagger (vamp)
rCold   . . .      Faith    +    w - +0 buckler
rNeg    . . .      Spirit   .    b - +0 leather armour
rPois   .          Reflect  .    (no helmet)
rElec   .          Rampage  .    (no cloak)
rCorr   .                        (no gloves)
Will    .....                    (no boots)
Stlth   ++                       x - amulet of faith
HPRegen 0.25/turn                m - +4 ring of protection
MPRegen 0.18/turn                n - ring of protection from fire

@: corroded
A: hooves 1, magic regeneration
a: no special abilities


You were on level 3 of the Dungeon.
You visited 1 branch of the dungeon, and saw 3 of its levels.

You collected 190 gold pieces.

Inventory:

Hand Weapons
 f - a +0 mace
 g - a +2 vampiric dagger (weapon)
Armour
 b - a +0 leather armour (worn)
 w - a +0 buckler (worn)
Jewellery
 m - a +4 ring of protection (left hand)
 n - a ring of protection from fire (right hand)
 x - an amulet of faith (around neck)
Wands
 c - a wand of flame (13) (quivered)
 d - a wand of charming (15)
 e - a wand of iceblast (5)
Scrolls
 h - 5 scrolls of identify {unknown}
 k - a scroll of teleportation {unknown}
 o - 2 scrolls of torment {unknown}
 p - 3 scrolls of fear {unknown}
 r - 3 scrolls of summoning {unknown}
 s - a scroll of noise {unknown}
 u - a scroll of fog {unknown}
 v - a scroll of immolation {unknown}
Potions
 a - a potion of haste {unknown}
 i - a potion of curing {unknown}
 j - a potion of attraction {unknown}
 l - 2 potions of degeneration {unknown}
 q - a potion of heal wounds {unknown}
 t - 3 potions of magic {unknown}
 z - 2 potions of mutation {unknown}


   Skills:
 + Level 2.1 Fighting
 + Level 1.1 Short Blades
 + Level 2.4 Armour
 + Level 1.8 Dodging
 + Level 2.1 Stealth
 + Level 0.2 Shields
 + Level 3.5 Evocations


You had 3 spell levels left.
You didn't know any spells.
Your spell library contained the following spells:

 Spells                   Type           Power      Damage    Failure   Level
 Magic Dart               Conj           0%         1d3       43%         1
 Slow                     Hex            0%         N/A       43%         1
 Call Imp                 Summ           0%         N/A       56%         2
 Confusing Touch          Hex            0%         N/A       80%         3
 Mephitic Cloud           Conj/Pois/Air  0%         N/A       80%         3
 Vampiric Draining        Necr           0%         2d6       80%         3


Dungeon Overview and Level Annotations

Branches:
Dungeon (3/15)

Altars:
Xom


Innate Abilities, Weirdness & Mutations

You have large cloven feet.
You regenerate magic rapidly.


Message History

You start resting.
You are no longer corroded.
There is an open door here.
You start resting.
HP restored.
You swap places.
You open the door.
The jelly quivers.
You hit the jelly.
Your hands burn!
The jelly is lightly wounded.
The jelly hits you but does no damage.
You hit the jelly.
You feel better. The acid corrodes you!
Your hands burn!
You kick the jelly, but do no damage.
The jelly is moderately wounded.
The jelly barely misses you.
You hit the jelly.
Your hands burn!
The jelly is heavily wounded.
You block the jelly's attack.
You hit the jelly but do no damage.
Your hands burn!
The jelly is heavily wounded.
The jelly hits you but does no damage.
You hit the jelly.
You feel better.
Your hands burn!
The jelly is severely wounded.
The jelly hits you. The acid corrodes you!
You are splashed with acid!
You hit the jelly but do no damage. The acid corrodes you!
Your hands burn!
You kick the jelly.
The jelly is almost dead.
You block the jelly's attack.
You hit the jelly but do no damage.
Your hands burn!
* * * LOW HITPOINT WARNING * * *
The jelly is almost dead.
The jelly barely misses you.
You hit the jelly but do no damage.
Your hands burn!
* * * LOW HITPOINT WARNING * * *
You kick the jelly, but do no damage.
The jelly is almost dead.
The jelly hits you.
* * * LOW HITPOINT WARNING * * *
The acid corrodes you!
You are splashed with acid!
You die...

.# #.... .####
##### ###
....#######....
....##...#..._.
###.##.###.....
.......# #+##+##+##
###.##.###.##.##.##
...##...#'##'##J##
########........@.#
#..........#
#..........#
############


You could see a jelly.

Vanquished Creatures
  A jelly (D:3)
  An orc wizard (D:2)
  3 adders
  A worm (D:2)
  4 orcs
  4 endoplasms (D:1)
  4 giant cockroaches
  4 goblins
  3 hobgoblins
  2 quokkas
  5 ball pythons
  4 frilled lizards
  5 kobolds
  A rat (D:1)
42 creatures vanquished.

Notes
Turn   | Place    | Note
-------+----------+-------------------------------------------
     0 | D:1      | senseless the Demonspawn Artificer began the quest for the
                  | Orb.
     0 | D:1      | Reached XP level 1. HP: 15/15 MP: 1/1
    32 | D:1      | Reached skill level 1 in Dodging
    32 | D:1      | Reached skill level 1 in Stealth
   229 | D:1      | Gained mutation: You regenerate magic rapidly. [demonic
                  | ancestry]
   229 | D:1      | Reached XP level 2. HP: 21/21 MP: 2/2
   793 | D:2      | Reached XP level 3. HP: 26/26 MP: 3/3
  1118 | D:2      | Gained mutation: You have large cloven feet. [demonic
                  | ancestry]
  1118 | D:2      | Reached XP level 4. HP: 11/33 MP: 4/4
  1922 | D:3      | Found a shimmering altar of Xom.
  1947 | D:3      | Reached skill level 1 in Short Blades
  2048 | D:3      | Splashed by a jelly's acid

Illustrated notes

Levels and vault maps discovered:
D:1:      ebering_trefoil_3fold, layout_rooms
D:2:      layout_rooms, serial_park_tiny_pond
D:3:      layout_loops_cross, dk_xom_monty_hall

Skill      XL: |  1  2  3  4 |
---------------+-------------+-----
Dodging        | 1 |  1.8
Stealth        | 1 2 |  2.1
Armour         | 2 |  2.4
Fighting       | 2 |  2.1
Short Blades   | 1 |  1.1
Shields        | |  0.2
Evocations     | |  3.5

Action                     |  1- 3 |  4- 6 || total
---------------------------+-------+-------++-------
  Melee: Club              |    12 |       ||    12
         Mace              |     7 |       ||     7
         Dagger            |   148 |    45 ||   193
         Punch             |     1 |       ||     1
         Kick              |       |    15 ||    15
  Evoke: Wand              |       |     2 ||     2
   Stab: Sleeping          |       |     2 ||     2
 Armour: Leather armour    |    64 |    15 ||    79
  Dodge: Dodged            |    88 |    23 ||   111
  Block: Buckler           |       |     4 ||     4

Table legend: (Time is in decaauts)
 A = Elapsed time spent in this place.
 B = Non-inter-level travel time spent in this place.
 C = Inter-level travel time spent in this place.
 D = Time resting spent in this place.
 E = Time spent auto-exploring this place.
 F = Levels seen in this place.
 G = Mean time per level.
                   A        B        C        D        E       F      G
               +--------+--------+--------+--------+--------+-----+--------+
         Total |   2049 |   1990 |     59 |    119 |   1413 |   3 |  683.0 |
       Dungeon |   2049 |   1990 |     59 |    119 |   1413 |   3 |  683.0 |
               +--------+--------+--------+--------+--------+-----+--------+

Top non-repeatable levels by time:
     D:2: 749 daAuts
     D:1: 657 daAuts
     D:3: 642 daAuts
